 Dungeon Crawl Stone Soup version 0.31-a0-590-g8a5a4361df (console) character file.

Game seed: 12847075188700026447

116842 jejorda2 the Cleaver (level 16, -6/198 HPs)
             Began as a Gnoll Berserker on Aug 19, 2023.
             Was an Elder of Trog.
             Mangled by a white ugly thing (26 damage)
             ... on level 2 of the Snake Pit.
             The game lasted 01:50:48 (26659 turns).

jejorda2 the Cleaver (Gnoll Berserker)             Turns: 26659, Time: 01:50:49

Health: -6/198     AC: 30    Str: 26    XL:     16   Next: 72%
Magic:  31/31      EV: 17    Int:  6    God:    Trog [****..]
Gold:   1611       SH: 16    Dex: 14    Spells: 37/37 levels left

rFire   + . .        a - +2 war axe (flame)
rCold   . . .        n - +2 kite shield
rNeg    + . .        q - +9 scale mail "Bewn" {rF+ Str+3}
rPois   +            X - +2 helmet {SInv}
rElec   .            V - +2 cloak {Will+}
rCorr   .            U - +2 pair of gloves
SInv    +            (no boots)
Will    ++...        m - amulet of the acrobat Stlth
                     j - ring of the Octopus King {rN+ HP+2 AC+2 EV+2 SH+2}
HPRegen 0.53/turn    Z - ring of poison resistance
MPRegen 0.22/turn

%: acrobat
@: berserking (expiring), very quick
A: fangs 1, strong nose, distributed training
a: Renounce Religion, Berserk, Trog's Hand, Brothers in Arms


You were on level 2 of the Snake Pit.
You worshipped Trog.
Trog was greatly pleased with you.
You visited 4 branches of the dungeon, and saw 24 of its levels.
You also visited: Gauntlet.

You collected 2721 gold pieces.
You spent 1110 gold pieces at shops.

Inventory:

Hand Weapons
 a - a +2 war axe of flaming (weapon)
Missiles
 d - 25 boomerangs (quivered)
 u - 5 throwing nets
 N - 4 silver javelins
 R - 16 poisoned darts
Armour
 n - a +2 kite shield (worn)
 q - the +9 scale mail "Bewn" (worn) {rF+ Str+3}
   (You found it on level 3 of the Dungeon)

   Str+3:     It affects your strength (+3).
   rF+:       It protects you from fire.
 x - a +3 plate armour of cold resistance
 U - a +2 pair of gloves (worn)
 V - a +2 cloak of willpower (worn)
 X - a +2 helmet of see invisible (worn)
Jewellery
 j - a ring of the Octopus King (left hand) {rN+ HP+2 AC+2 EV+2 SH+2}
   (You found it on level 15 of the Dungeon)

   [ring of positive energy]

   AC+2:      It affects your AC (+2).
   EV+2:      It affects your evasion (+2).
   rN+:       It protects you from negative energy.
   HP+2:      It affects your health (+2).
   SH+2:      It affects your SH (+2).
 m - an amulet of the acrobat (around neck)
 o - a ring of protection from cold
 A - a ring of fire
 E - a ring of resist corrosion
 L - the ring of Cur Mosm {Ice Will+ Int+4}
   (You found it on level 8 of the Dungeon)

   [ring of ice]

   Ice:       It enhances your ice magic.
   Int+4:     It affects your intelligence (+4).
   rF-:       It makes you vulnerable to fire.
   rC+:       It protects you from cold.
   Will+:     It increases your willpower.
 Z - a ring of poison resistance (right hand)
Wands
 h - a wand of polymorph (5)
 y - a wand of roots (24)
 B - a wand of mindburst (25)
 C - a wand of acid (6)
 J - a wand of flame (46)
 K - a wand of digging (14)
 T - a wand of charming (10)
Scrolls
 f - 6 scrolls of poison
 i - 6 scrolls of identify
 k - 2 scrolls of immolation
 l - 3 scrolls of blinking
 p - a scroll of fog
 t - 10 scrolls of teleportation
 w - a scroll of enchant weapon
 F - a scroll of silence
 O - 2 scrolls of revelation
 S - 2 scrolls of fear
Potions
 b - 2 potions of might
 c - 3 potions of invisibility
 e - a potion of cancellation
 g - 2 potions of attraction
 r - 7 potions of heal wounds
 s - 4 potions of enlightenment
 v - 10 potions of curing
 z - 2 potions of haste
 D - 2 potions of lignification
 H - a potion of ambrosia
 I - 3 potions of mutation
 Q - 2 potions of resistance
Miscellaneous
 M - a phial of floods (inert)
 P - a condenser vane
 W - a lightning rod (4/4)


   Skills:
 + Level 13.0 Fighting
 + Level 11.3 Short Blades
 + Level 11.3 Long Blades
 + Level 13.0 Axes
 + Level 11.3 Maces & Flails
 + Level 11.3 Polearms
 + Level 11.3 Staves
 + Level 11.3 Ranged Weapons
 + Level 11.3 Throwing
 + Level 12.2 Armour
 + Level 12.2 Dodging
 + Level 11.3 Stealth
 + Level 11.3 Shields
 + Level 11.3 Unarmed Combat
 + Level 11.3 Spellcasting
 + Level 9.5 Conjurations
 + Level 9.5 Hexes
 + Level 9.5 Summonings
 + Level 9.5 Necromancy
 + Level 9.5 Translocations
 + Level 9.5 Transmutations
 + Level 9.5 Fire Magic
 + Level 9.5 Ice Magic
 + Level 9.5 Air Magic
 + Level 9.5 Earth Magic
 + Level 9.5 Poison Magic
 + Level 12.3 Invocations
 + Level 11.3 Evocations
 + Level 9.5 Shapeshifting


You had 37 spell levels left.
You didn't know any spells.
Your spell library was empty.

Dungeon Overview and Level Annotations

Branches:
Dungeon (15/15)            Temple (0/1) D:4            Lair (5/5) D:11
  Swamp (0/4) Lair:3        Snake (2/4) Lair:3        Slime (0/5) Lair:5
    Orc (2/2) D:11            Elf (0/3) Orc:2        Vaults (0/5) D:14
 Depths (0/4) D:15        Gauntlet (visited)

Altars:
Elyvilon
Fedhas
Kikubaaqudgha
Makhleb
Trog
Zin
The Shining One
Lugonu

Shops:
D:12 [   D:14 *   Orc:1 *   Orc:2 *![=   Snake:2 *:!

Portals:
Abyss: Lair:5

Annotations:
D:6 3 runed translucent doors, BaconRulez's ghost, novice GrFi
D:12 2 transporters, thirtiethelement's ghost, journeyman DsNe
Snake:2 exclusion: oklob plant, Aizul


Innate Abilities, Weirdness & Mutations

You have very sharp teeth.
Your uncanny sense of smell can sniff out nearby items.
Your experience applies equally to all skills.


Message History

Unknown command.
You slash the white ugly thing! You burn the white ugly thing.
The white ugly thing is almost dead.
The naga sharpshooter gestures wildly while chanting.
The naga sharpshooter magically shoots an arrow.
The arrow hits you but does no damage.
A white ugly thing comes into view.
You block the white ugly thing's attack.
You hear a shout!
You completely miss the white ugly thing.
The white ugly thing is almost dead.
The naga sharpshooter unwields a +0 war axe.
The naga sharpshooter wields a +0 shortbow.
The naga sharpshooter mumbles some strange words.
The naga sharpshooter magically shoots an arrow.
You block the arrow.
The naga sharpshooter shoots an arrow.
You block the arrow.
You hear a shout!
The white ugly thing closely misses you.
You slash the white ugly thing! You burn the white ugly thing.
You kill the white ugly thing!
Trog accepts your kill.
The naga sharpshooter spits poison at you.
You block the splash of poison.
Your Fighting skill increases to level 13!
Your Axes skill increases to level 13!
You slice the white ugly thing!! You burn the white ugly thing!
The white ugly thing is heavily wounded.
The white ugly thing barely misses you.
You closely miss the white ugly thing. Your bite misses the white ugly thing.
The white ugly thing is heavily wounded.
The naga sharpshooter casts a spell.
The naga sharpshooter magically shoots an arrow.
You block the arrow.
You slash the white ugly thing! You burn the white ugly thing.
The white ugly thing is severely wounded.
The white ugly thing kicks you!
* * * LOW HITPOINT WARNING * * *
The white ugly thing freezes you!!
You die...

..#,#.#.##***,#.#,* *,**,***,*
,,*,#.#.# *,#.#,* *,**,* *,*
,,*,#.#.# *<#.#,* *,**,* *,*
,,*,*,#.# #,#.#,* *,**,* *,*
,,*,*,..# #.#.#,* *,**,* *,*
,,,,,,,,#####.#.#,* *,**,* *,*
,,,,,,,,.N......#+###+##,* *,*
,,,,,,,,...N..†.†......#,***,*
,,*,*,*,[...u.†u@......#,,,*,*
,,,,,,,,...............#,*,*,*
*,,,,,,,#...............,*,*,*
,,,,,,,,..............##,*,*,*
*,,,∩,,,#.........<..##*,,,*,*
,,,,,,,,..(..#######.#******,*
,,,,,,,,#....*** *..,,,,,,,*
,,,,,,,,,...,,,*****,##*******
,,*,*,*,,,,,,,,,,,,,,*


You could see 2 naga sharpshooters and 2 ugly things.

Vanquished Creatures
  Rupert (Orc:2)
  Jorgrun (Orc:2)
  3 orc warlords (D:15)
  17 slime creatures
  A cacodemon (Gauntlet)
  A minotaur (Gauntlet)
  7 hydras
  2 ice dragons (D:15)
  4 anacondas (Snake:2)
  An ogre mage (D:15)
  2 catoblepae
  5 centaur warriors
  3 boulder beetles
  13 two-headed ogres
  2 tengu warriors
  A naga warrior (Snake:1)
  5 death yaks (Lair:5)
  4 thrashing horrors (Lair:5)
  5 orc high priests
  A shock serpent (Snake:2)
  Nergalle (Lair:1)
  6 skeletal warriors
  2 skysharks
  A salamander mystic (Snake:2)
  Lodul (D:10)
  2 large abominations (Lair:5)
  2 deep elf pyromancers
  A harpy (shapeshifter) (Lair:5)
  10 orc knights
  A necromancer (Lair:5)
  2 wolf spiders (Lair:3)
  19 ugly things
  8 orc sorcerers
  4 manticores
  A salamander (Snake:1)
  A guardian serpent (Lair:3)
  Maurice (Orc:2)
  6 elephants (Lair:5)
  2 cyclopes
  10 black mambas
  Joseph (D:8)
  5 gargoyles
  A torpor snail (Lair:5)
  A water nymph (shapeshifter) (Lair:5)
  A cane toad (shapeshifter) (Lair:5)
  13 cane toads
  Maggie (D:10)
  2 smoke demons (Lair:5)
  2 unseen horrors (D:10)
  3 rime drakes
  9 komodo dragons
  An efreet (D:15)
  A meliai (shapeshifter) (D:14)
  A wolf spider simulacrum (D:15)
  2 polar bears
  5 trolls
  A hornet (Lair:4)
  A polar bear (shapeshifter) (Lair:5)
  2 raiju (Lair:5)
  11 dream sheep
  14 blink frogs
  A spriggan (Lair:5)
  A shadow (D:11)
  2 vampires (D:14)
  A basilisk (shapeshifter) (D:14)
  A wraith (D:14)
  6 wyverns
  17 yaks
  11 basilisks
  Grum (D:5)
  5 steam dragons
  Menkaure (D:5)
  11 vampire mosquitoes
  4 swamp worms (Gauntlet)
  3 wargs
  An acid dragon (shapeshifter) (D:15)
  16 water moccasins
  2 ice beasts
  38 orc warriors
  11 ogres
  6 black bears
  A boggart (shapeshifter) (D:14)
  18 wolves
  8 small abominations (Lair:5)
  3 centaurs
  A kobold brigand (D:9)
  3 scorpions
  11 bullfrogs
  6 gnoll sergeants
  A wight (D:8)
  3 killer bees (D:7)
  2 electric eels
  2 jellies (D:5)
  A vampire bat (Lair:4)
  A howler monkey (D:11)
  15 hounds
  A gnoll bouda (D:5)
  23 orc priests
  Crazy Yiuf (D:7)
  4 sleepcaps
  3 iguanas
  26 orc wizards
  5 yak simulacra (Lair:5)
  4 polar bear simulacra (Lair:5)
  A wolf simulacrum (Lair:5)
  37 gnolls
  5 adders
  2 shadow imps
  8 white imps
  2 ufetubi
  A worm (D:5)
  A dart slug (D:4)
  128 orcs
  7 ball pythons
  5 endoplasms
  4 giant cockroaches
  4 goblins
  9 hobgoblins
  3 jackals
  7 quokkas
  17 bats
  3 frilled lizards
  9 kobolds
  2 rats
  A river rat simulacrum (Lair:5)
776 creatures vanquished.

Vanquished Creatures (collateral kills)
  A naga ritualist (Snake:2)
  An ugly thing (Snake:2)
  2 salamanders (Snake:2)
  A wind drake (shapeshifter) (D:8)
5 creatures vanquished.

Vanquished Creatures (others)
  A human (D:8)
1 creature vanquished.

Grand Total: 782 creatures vanquished

Notes
Turn   | Place    | Note
-------+----------+-------------------------------------------
     0 | D:1      | jejorda2 the Gnoll Berserker began the quest for the Orb.
     0 | D:1      | Reached XP level 1. HP: 23/23 MP: 1/1
   168 | D:1      | Reached XP level 2. HP: 29/29 MP: 2/2
   886 | D:2      | Reached XP level 3. HP: 35/35 MP: 3/3
   935 | D:2      | Reached ** piety under Trog
  1056 | D:2      | Found a faded altar of an unknown god.
  1198 | D:2      | Noticed an ogre
  1206 | D:2      | Killed an ogre
  1207 | D:2      | Reached skill level 1 in Short Blades
  1207 | D:2      | Reached skill level 1 in Long Blades
  1207 | D:2      | Reached skill level 1 in Maces & Flails
  1207 | D:2      | Reached skill level 1 in Polearms
  1207 | D:2      | Reached skill level 1 in Staves
  1207 | D:2      | Reached skill level 1 in Ranged Weapons
  1207 | D:2      | Reached skill level 1 in Throwing
  1207 | D:2      | Reached skill level 1 in Stealth
  1207 | D:2      | Reached skill level 1 in Shields
  1207 | D:2      | Reached skill level 1 in Unarmed Combat
  1207 | D:2      | Reached skill level 1 in Spellcasting
  1207 | D:2      | Reached skill level 1 in Conjurations
  1207 | D:2      | Reached skill level 1 in Hexes
  1207 | D:2      | Reached skill level 1 in Summonings
  1207 | D:2      | Reached skill level 1 in Necromancy
  1207 | D:2      | Reached skill level 1 in Translocations
  1207 | D:2      | Reached skill level 1 in Transmutations
  1207 | D:2      | Reached skill level 1 in Fire Magic
  1207 | D:2      | Reached skill level 1 in Ice Magic
  1207 | D:2      | Reached skill level 1 in Air Magic
  1207 | D:2      | Reached skill level 1 in Earth Magic
  1207 | D:2      | Reached skill level 1 in Poison Magic
  1207 | D:2      | Reached skill level 1 in Invocations
  1207 | D:2      | Reached skill level 1 in Evocations
  1207 | D:2      | Reached skill level 1 in Shapeshifting
  1207 | D:2      | Reached XP level 4. HP: 41/41 MP: 4/6
  1207 | D:2      | Reached XP level 5. HP: 47/47 MP: 4/7
  1898 | D:3      | Identified the +9 scale mail "Bewn" {rF+ Str+3}
  2297 | D:3      | You fall into a shaft and drop 2 floors!
  2297 | D:5      | Entered Level 5 of the Dungeon
  2365 | D:4      | Found a staircase to the Ecumenical Temple.
  2374 | D:4      | Reached XP level 6. HP: 53/53 MP: 8/8
  2386 | D:4      | Reached skill level 5 in Armour
  2386 | D:4      | Reached skill level 5 in Dodging
  2851 | D:4      | Reached XP level 7. HP: 59/59 MP: 10/10
  3232 | D:3      | Reached *** piety under Trog
  3578 | D:5      | Noticed Menkaure
  3962 | D:5      | Reached XP level 8. HP: 66/67 MP: 12/12
  4392 | D:5      | Killed Menkaure
  4854 | D:5      | Reached XP level 9. HP: 73/73 MP: 14/14
  5147 | D:5      | Noticed Grum
  5172 | D:5      | Killed Grum
  5699 | D:6      | Found a runed translucent gate.
  5699 | D:6      | Found a runed translucent gate.
  5699 | D:6      | Found a runed translucent gate.
  5703 | D:6      | Noticed BaconRulez's ghost (novice GrFi)
  5761 | D:6      | Noticed a gargoyle
  5761 | D:6      | Noticed a two-headed ogre
  5783 | D:6      | Killed a gargoyle
  5789 | D:6      | Killed a two-headed ogre
  5790 | D:6      | Reached skill level 5 in Invocations
  6708 | D:7      | Reached **** piety under Trog
  6709 | D:7      | Reached XP level 10. HP: 80/80 MP: 17/17
  6837 | D:7      | Reached skill level 5 in Short Blades
  6837 | D:7      | Reached skill level 5 in Long Blades
  6837 | D:7      | Reached skill level 5 in Maces & Flails
  6837 | D:7      | Reached skill level 5 in Polearms
  6837 | D:7      | Reached skill level 5 in Staves
  6837 | D:7      | Reached skill level 5 in Ranged Weapons
  6837 | D:7      | Reached skill level 5 in Throwing
  6837 | D:7      | Reached skill level 5 in Stealth
  6837 | D:7      | Reached skill level 5 in Shields
  6837 | D:7      | Reached skill level 5 in Unarmed Combat
  6837 | D:7      | Reached skill level 5 in Spellcasting
  6837 | D:7      | Reached skill level 5 in Evocations
  6884 | D:7      | Found a burning altar of Makhleb.
  6886 | D:7      | Found a blossoming altar of Fedhas.
  6898 | D:7      | Identified the +4 spear of Qair {holy, Dex+6}
  7203 | D:7      | Found a runed translucent door.
  7204 | D:7      | Noticed Crazy Yiuf
  7211 | D:7      | Killed Crazy Yiuf
  7215 | D:7      | Identified the +1 hammer "Wimoeg" {spect, rElec}
  7401 | D:8      | Noticed a purple ugly thing
  7403 | D:8      | Noticed Joseph
  7407 | D:8      | Noticed a two-headed ogre
  7413 | D:8      | Noticed a manticore
  7413 | D:8      | Killed a purple ugly thing
  7416 | D:8      | Killed Joseph
  7429 | D:8      | Killed a two-headed ogre
  7437 | D:8      | Killed a manticore
  7625 | D:8      | Identified the +1 spear "Miruicem" {elec, rF- Will+++ MP+9
                  | Stlth-}
  7728 | D:8      | Noticed a cyclops
  7734 | D:8      | Killed a cyclops
  7735 | D:8      | Reached XP level 11. HP: 87/87 MP: 19/19
  7755 | D:8      | Reached skill level 5 in Conjurations
  7755 | D:8      | Reached skill level 5 in Hexes
  7755 | D:8      | Reached skill level 5 in Summonings
  7755 | D:8      | Reached skill level 5 in Necromancy
  7755 | D:8      | Reached skill level 5 in Translocations
  7755 | D:8      | Reached skill level 5 in Transmutations
  7755 | D:8      | Reached skill level 5 in Fire Magic
  7755 | D:8      | Reached skill level 5 in Ice Magic
  7755 | D:8      | Reached skill level 5 in Air Magic
  7755 | D:8      | Reached skill level 5 in Earth Magic
  7755 | D:8      | Reached skill level 5 in Poison Magic
  7755 | D:8      | Reached skill level 5 in Shapeshifting
  7818 | D:8      | Identified the ring of Cur Mosm {Ice Will+ Int+4}
  7825 | D:8      | Noticed a boulder beetle
  7861 | D:8      | Killed a boulder beetle
  8097 | D:8      | Found an ancient bone altar of Kikubaaqudgha.
  8654 | D:9      | Identified the +6 glaive of Quick Death {flame, rCorr Str+2
                  | Int-3}
  8704 | D:9      | Noticed a two-headed ogre
  8717 | D:9      | Killed a two-headed ogre
  9075 | D:9      | Noticed a two-headed ogre
  9090 | D:9      | Killed a two-headed ogre
  9493 | D:10     | Entered Level 10 of the Dungeon
  9615 | D:10     | Noticed Maggie
  9628 | D:10     | Killed Maggie
  9736 | D:10     | Noticed Lodul
  9751 | D:10     | Killed Lodul
 10334 | D:10     | Reached XP level 12. HP: 68/97 MP: 22/22
 10622 | D:11     | Noticed a two-headed ogre
 10635 | D:11     | Killed a two-headed ogre
 11179 | D:11     | Found a glowing golden altar of the Shining One.
 11418 | D:11     | Found a staircase to the Orcish Mines.
 11490 | D:11     | Found a staircase to the Lair.
 11790 | Lair:1   | Entered Level 1 of the Lair of Beasts
 11800 | Lair:1   | Reached skill level 10 in Fighting
 11800 | Lair:1   | Reached skill level 10 in Axes
 11871 | Lair:1   | Noticed Nergalle
 11902 | Lair:1   | Killed Nergalle
 12589 | Lair:2   | Noticed a skyshark
 12602 | Lair:2   | Killed a skyshark
 12972 | Lair:2   | Identified the +0 leather armour of the Ward {rElec}
 13558 | Lair:3   | Reached XP level 13. HP: 104/104 MP: 23/25
 13942 | Lair:3   | Found a staircase to the Swamp.
 14007 | Lair:3   | Found a staircase to the Snake Pit.
 15724 | Lair:5   | Entered Level 5 of the Lair of Beasts
 15733 | Lair:5   | Found a staircase to the Slime Pits.
 15800 | Lair:5   | Reached skill level 10 in Armour
 15800 | Lair:5   | Reached skill level 10 in Dodging
 15911 | Lair:5   | Reached XP level 14. HP: 64/113 MP: 25/27
 15948 | Lair:4   | HP: 3/113 [catoblepas (10)]
 15953 | Lair:4   | HP: 2/113 [catoblepas/blast of calcifying dust (1)]
 16317 | Lair:5   | Reached skill level 10 in Invocations
 17555 | Lair:5   | Found a corrupted altar of Lugonu.
 17555 | Lair:5   | Found a one-way gate to the infinite horrors of the Abyss.
 18164 | Lair:5   | Upgraded the game from 0.31-a0-574-g69dc8cc98e to
                  | 0.31-a0-590-g8a5a4361df
 18315 | D:12     | Found a gate leading to a gauntlet.
 18326 | Gauntlet | Entered a Gauntlet
 18326 | Gauntlet | Found a transporter.
 18326 | Gauntlet | Found a large runed translucent door.
 18326 | Gauntlet | Found a large runed translucent door.
 18326 | Gauntlet | Found a large runed translucent door.
 18326 | Gauntlet | Found a large runed translucent door.
 18326 | Gauntlet | Found a large runed translucent door.
 18326 | Gauntlet | Found a large runed translucent door.
 18326 | Gauntlet | Found a runed translucent door.
 18326 | Gauntlet | Found a runed translucent door.
 18326 | Gauntlet | Found a large runed translucent door.
 18326 | Gauntlet | Found a large runed translucent door.
 18326 | Gauntlet | Found a large runed translucent door.
 18326 | Gauntlet | Found a large runed translucent door.
 18326 | Gauntlet | Found a large runed translucent door.
 18326 | Gauntlet | Found a large runed translucent door.
 18329 | Gauntlet | Found a transporter.
 18340 | Gauntlet | Noticed a cacodemon
 18344 | Gauntlet | Found a transporter.
 18349 | Gauntlet | Found a transporter.
 18361 | Gauntlet | Found a transporter.
 18379 | Gauntlet | Found a transporter.
 18382 | Gauntlet | Found a transporter.
 18386 | Gauntlet | Found a transporter.
 18388 | Gauntlet | Found a runed translucent gate.
 18388 | Gauntlet | Found a runed translucent gate.
 18389 | Gauntlet | Found a large runed translucent door.
 18389 | Gauntlet | Found a large runed translucent door.
 18390 | Gauntlet | Found a runed translucent gate.
 18409 | Gauntlet | Found a transporter.
 18417 | Gauntlet | Found a transporter.
 18417 | Gauntlet | Found a transporter.
 18419 | Gauntlet | Found a large runed translucent door.
 18419 | Gauntlet | Found a large runed translucent door.
 18426 | Gauntlet | Found a transporter.
 18562 | Gauntlet | Killed a cacodemon
 18635 | Gauntlet | Identified the +0 cloak of the Shoals {rCorr}
 18733 | Gauntlet | Identified the +0 scale mail of Fixtumus {Str+3}
 18885 | D:12     | Noticed thirtiethelement's ghost (journeyman DsNe)
 18916 | D:12     | Found a transporter.
 18918 | D:12     | Found a transporter.
 18920 | D:12     | Noticed a stone giant
 18921 | D:12     | Found a bloodstained altar of Trog.
 19020 | D:12     | Reached XP level 15. HP: 57/120 MP: 28/28
 19385 | D:12     | Found Luilued's Armour Boutique.
 19400 | D:12     | Bought a +1 helmet of see invisible for 198 gold pieces
 20277 | D:13     | Reached skill level 10 in Short Blades
 20277 | D:13     | Reached skill level 10 in Long Blades
 20277 | D:13     | Reached skill level 10 in Maces & Flails
 20277 | D:13     | Reached skill level 10 in Polearms
 20277 | D:13     | Reached skill level 10 in Staves
 20277 | D:13     | Reached skill level 10 in Ranged Weapons
 20277 | D:13     | Reached skill level 10 in Throwing
 20277 | D:13     | Reached skill level 10 in Stealth
 20277 | D:13     | Reached skill level 10 in Shields
 20277 | D:13     | Reached skill level 10 in Unarmed Combat
 20277 | D:13     | Reached skill level 10 in Spellcasting
 20277 | D:13     | Reached skill level 10 in Evocations
 21507 | D:14     | Found a gate to the Vaults.
 21595 | D:14     | Found Zysioj's Blood Bar.
 22186 | D:15     | Entered Level 15 of the Dungeon
 22284 | D:15     | Found a glowing golden altar of the Shining One.
 22284 | D:15     | Found a white marble altar of Elyvilon.
 22299 | D:15     | Found a glowing silver altar of Zin.
 22366 | D:15     | Found the ring of the Octopus King
 22379 | D:15     | Identified a ring of the Octopus King {rN+ HP+2 AC+2 EV+2
                  | SH+2}
 22758 | D:15     | Found a staircase to the Depths.
 23358 | D:15     | Found a runed translucent door.
 23453 | D:15     | Noticed an orc warlord
 23453 | D:15     | Noticed an orc warlord
 23465 | D:15     | Killed an orc warlord
 23466 | D:15     | Reached XP level 16. HP: 129/129 MP: 30/30
 23756 | Orc:1    | Entered Level 1 of the Orcish Mines
 23900 | Orc:1    | Found Qotz's General Store.
 24030 | Orc:1    | Paralysed by an orc sorcerer for 3 turns
 24459 | Orc:2    | Entered Level 2 of the Orcish Mines
 24477 | Orc:2    | Noticed Maurice
 24624 | Orc:2    | Killed Maurice
 24658 | Orc:2    | Found a staircase to the Elven Halls.
 24766 | Orc:2    | Reached ***** piety under Trog
 25032 | Orc:2    | Noticed Rupert
 25046 | Orc:2    | Killed Rupert
 25205 | Orc:2    | Found Cyry's Jewellery Shop.
 25561 | Orc:2    | Noticed Jorgrun
 25582 | Orc:2    | Killed Jorgrun
 25767 | Orc:2    | Found Waumon's Assorted Antiques.
 25768 | Orc:2    | Found Dergh's Antique Armour Shoppe.
 25768 | Orc:2    | Found Evaj's Distillery.
 25861 | Orc:2    | Bought a scroll of enchant armour for 285 gold pieces
 25871 | Orc:2    | Bought a pair of runed gloves for 292 gold pieces
 25873 | Orc:2    | Bought a ring of poison resistance for 200 gold pieces
 26264 | Snake:1  | Entered Level 1 of the Snake Pit
 26484 | Snake:1  | You fall into a shaft and drop 1 floor!
 26549 | Snake:2  | Noticed Aizul
 26557 | Snake:2  | Found Piybb's Assorted Antiques.
 26581 | Snake:2  | Bought a notched coral ring for 135 gold pieces
 26586 | Snake:2  | Found Ceedom's Book Shop.
 26605 | Snake:2  | Found a glowing silver altar of Zin.
 26616 | Snake:2  | Found Haexzant's Distillery.
 26659 | Snake:2  | Mangled by a white ugly thing

Illustrated notes

Levels and vault maps discovered:
D:1:      dpeg_arrival_rhombus, layout_basic
D:2:      wander_river, layout_loops_corners, basic_ecumenical_altar
D:3:      layout_basic, st_stairs_14
D:4:      layout_basic, minmay_temple_entry_wispy, minmay_misc_feat_cross,
          kennysheep_doodads, chequers_serial_rivers_room_a,
          minmay_tree_intersection
D:5:      layout_cave_pools, serial_gnoll_camp, gnoll_camp_mini_hut,
          gnoll_camp_mini_loothouse, gnoll_camp_huts_moat, gnoll_camp_mini_hut,
          gnoll_camp_mini_basic, grums_kennel, uniq_menkaure
D:6:      kennysheep_big_flooded_room, layout_basic, ebering_ghost_rock_garden
D:7:      layout_basic, chequers_temple_overflow_statue_of_worship,
          uniq_crazy_yiuf_cottage
D:8:      minmay_the_grid_octo_tiled_squarecenter
          [minmay_the_grid_octo_odd_swirl, minmay_the_grid_octo_horde,
          minmay_the_grid_octo_empty, minmay_the_grid_octo_pinwheel,
          minmay_the_grid_square_5x5_megaprize_diamond,
          minmay_the_grid_square_5x5_two_small, minmay_the_grid_square_5x5_z,
          minmay_the_grid_square_5x5_gyroscope,
          minmay_the_grid_square_5x5_shuriken], layout_basic, tgw_kikubaaqudgha,
          uniq_joseph
D:9:      layout_cave_pools
D:10:     layout_irregular_city, uniq_lodul, uniq_maggie
D:11:     layout_basic, minmay_lair_entry_grove, hiddenorc2_lemuel,
          tso_metal_star
D:12:     layout_basic, gammafunk_ghost_wrathful_warriors,
          gauntlet_entry_generic, serial_shops, shop
D:13:     layout_basic, special_room [special_room_orc]
D:14:     layout_loops_cross, david_vaults_2, guppyfry_shop_blood
D:15:     grunt_enter_depths_hoard, layout_loops_ring, good_gods_temple_1,
          palyth_stone_intersect, lightli_church_of_beogh
Lair:1:   layout_cave_shapes, uniq_nergalle
Lair:2:   layout_roguey, infiniplex_staircase_pool, lemuel_fruit_tree,
          serial_bayou_shore_b, grunt_megastairs_3
Lair:3:   layout_gridlike, palyth_hydra_swamp_entry,
          minmay_snake_entry_spellcaster, nicolae_lair_run_with_the_wolves,
          infiniplex_staircase_pool_2, grunt_megastairs_2
Lair:4:   layout_cave_shapes, serial_bayou_pond_c, roderic_batcave,
          chequers_serial_rivers_micro_b, minivault_11
Lair:5:   hellmonk_lair_end_abyssal_woods, layout_loops_ring, slime_entry_1,
          st_stairs_4, eino_house_with_fridge
Snake:1:  layout_basic, serial_shops, nicolae_shop_bloodbath_and_beyond,
          basic_altar
Snake:2:  layout_basic, serial_shops, shop, shop, shop_fountains, shop,
          portal_ice_cave_entry_ugly_swarm, lemuel_oklob_altar, uniq_aizul,
          uniq_vashnia
Orc:1:    layout_diamond_mine, serial_shops, nicolae_shop_tiny_real_fake_doors
Orc:2:    st_orc_elflike, layout_caves, uniq_rupert, uniq_maurice, uniq_jorgrun

Skill      XL: |  1  2  3  4  5  6  7  8  9 10 11 12 13 14 15 16 |
---------------+-------------------------------------------------+-----
Short Blades   | 1 2 3 4 5 7 8 9 10 11 | 11.3
Long Blades    | 1 2 3 4 5 7 8 9 10 11 | 11.3
Maces & Flails | 1 2 3 4 5 7 8 9 10 11 | 11.3
Polearms       | 1 2 3 4 5 7 8 9 10 11 | 11.3
Staves         | 1 2 3 4 5 7 8 9 10 11 | 11.3
Ranged Weapons | 1 2 3 4 5 7 8 9 10 11 | 11.3
Throwing       | 1 2 3 4 5 7 8 9 10 11 | 11.3
Stealth        | 1 2 3 4 5 7 8 9 10 11 | 11.3
Shields        | 1 2 3 4 5 7 8 9 10 11 | 11.3
Unarmed Combat | 1 2 3 4 5 7 8 9 10 11 | 11.3
Spellcasting   | 1 2 3 4 5 7 8 9 10 11 | 11.3
Conjurations   | 1 2 3 4 5 6 7 8 9 |  9.5
Hexes          | 1 2 3 4 5 6 7 8 9 |  9.5
Summonings     | 1 2 3 4 5 6 7 8 9 |  9.5
Necromancy     | 1 2 3 4 5 6 7 8 9 |  9.5
Translocations | 1 2 3 4 5 6 7 8 9 |  9.5
Transmutations | 1 2 3 4 5 6 7 8 9 |  9.5
Fire Magic     | 1 2 3 4 5 6 7 8 9 |  9.5
Ice Magic      | 1 2 3 4 5 6 7 8 9 |  9.5
Air Magic      | 1 2 3 4 5 6 7 8 9 |  9.5
Earth Magic    | 1 2 3 4 5 6 7 8 9 |  9.5
Poison Magic   | 1 2 3 4 5 6 7 8 9 |  9.5
Invocations    | 1 2 3 4 5 6 7 8 9 10 11 12 | 12.3
Evocations     | 1 2 3 4 5 7 8 9 10 11 | 11.3
Shapeshifting  | 1 2 3 4 5 6 7 8 9 |  9.5
Armour         | 5 6 7 8 9 10 11 12 | 12.2
Dodging        | 5 6 7 8 9 10 11 12 | 12.2
Fighting       | 7 8 9 10 11 12 13 | 13.0
Axes           | 7 8 9 10 11 12 13 | 13.0

Action                     |  1- 3 |  4- 6 |  7- 9 | 10-12 | 13-15 | 16-18 || total
---------------------------+-------+-------+-------+-------+-------+-------++-------
  Melee: Hand axe          |    89 |   141 |   380 |   116 |       |       ||   726
         Bite              |     4 |    12 |    49 |    95 |   161 |    55 ||   376
         Punch             |     1 |     4 |     5 |       |       |       ||    10
         War axe           |       |       |       |   547 |   998 |   411 ||  1956
         Spear             |       |       |       |     4 |       |       ||     4
  Throw: Dart              |       |       |       |       |    22 |     6 ||    28
         Boomerang         |       |       |       |       |     4 |     3 ||     7
         Javelin           |       |       |       |       |    12 |    10 ||    22
         Throwing net      |       |       |       |       |       |     1 ||     1
 Invoke: Berserk           |     1 |     3 |    10 |    18 |    37 |    10 ||    79
         Trog's Hand       |       |     2 |     3 |     9 |    12 |     7 ||    33
         Brothers in Arms  |       |       |       |     1 |     3 |     2 ||     6
  Evoke: Wand              |       |       |     1 |    11 |     8 |     8 ||    28
         Lightning rod     |       |       |       |       |     9 |       ||     9
         Phial of floods   |       |       |       |       |     1 |     1 ||     2
         Condenser vane    |       |       |       |       |     1 |       ||     1
    Use: Scroll            |       |       |    17 |    13 |    10 |     5 ||    45
         Potion            |       |       |     1 |     2 |     1 |       ||     4
   Stab: Sleeping          |     1 |     1 |       |     1 |    11 |     2 ||    16
         Invisible         |       |       |     2 |       |       |       ||     2
         Distracted        |       |       |       |     2 |     5 |       ||     7
 Armour: Animal skin       |     8 |       |       |       |       |       ||     8
         Ring mail         |    20 |    10 |       |       |       |       ||    30
         Scale mail        |       |    50 |   170 |   328 |   402 |   126 ||  1076
  Dodge: Dodged            |    60 |    87 |   277 |   381 |   401 |   207 ||  1413
  Block: Buckler           |       |       |    47 |   188 |       |       ||   235
         Kite shield       |       |       |       |   125 |   604 |   314 ||  1043

Table legend: (Time is in decaauts)
 A = Elapsed time spent in this place.
 B = Non-inter-level travel time spent in this place.
 C = Inter-level travel time spent in this place.
 D = Time resting spent in this place.
 E = Time spent auto-exploring this place.
 F = Levels seen in this place.
 G = Mean time per level.
                   A        B        C        D        E       F      G
               +--------+--------+--------+--------+--------+-----+--------+
         Total |  27358 |  25829 |   1529 |   3860 |  15985 |  25 | 1094.3 |
       Dungeon |  17293 |  16289 |   1004 |   2200 |  10576 |  15 | 1152.9 |
          Lair |   6756 |   6401 |    355 |   1054 |   3855 |   5 | 1351.2 |
     Snake Pit |    398 |    398 |      0 |     53 |    139 |   2 |  199.0 |
  Orcish Mines |   2431 |   2262 |    169 |    437 |   1214 |   2 | 1215.5 |
      Gauntlet |    477 |    477 |      0 |    114 |    201 |   1 |  477.0 |
               +--------+--------+--------+--------+--------+-----+--------+

Top non-repeatable levels by time:
  Lair:5: 2141 daAuts
     D:5: 1665 daAuts
    D:15: 1453 daAuts
     D:8: 1430 daAuts
  Lair:4: 1415 daAuts
    D:12: 1400 daAuts
  Lair:3: 1345 daAuts
    D:11: 1308 daAuts
   Orc:2: 1302 daAuts
    D:10: 1186 daAuts
    D:13: 1136 daAuts
   Orc:1: 1129 daAuts
     D:6: 1112 daAuts
     D:4: 1109 daAuts
    D:14: 1092 daAuts
